cohdb
Replays
Latest Replays
All Replays
Popular Replays
Top Player Replays
Match Explorer
How It Works
Community
CoH3 Stats
Reddit
Sign in to upload your games and track your stats! →
Sign in with Steam
Match 43880295
Unlisted
Match 43880295
Overview
Messages
Build Orders
End
Panzergrenadier Squad
Selects Battlefield Espionage Battlegroup
Kradschützen Motorcycle Team
Panzergrenadier Squad
Panzergrenadier Squad
Construct Light Support Kompanie
Selects 250/3 Funkpanzerwagen
Fire Support Elements
le.IG 18 Mechanized Group
2.5-tonne Medical Truck
Veteran Squad Leaders
Selects Anti-Tank Incendiary Munitions
Construct Panzerarmee Kommand
Selects Sector Subterfuge Beacon
Selects Plunder
Walking Stuka Rocket Launcher
Panzerjäger Mechanized Group
Flak 36 Anti-tank Gun Team
silverhand
ibra_iq
shmshom
Macho Man Randy Savage
Mattfield27
ultimatron
0
0
Comments
sign in to comment!
No comments posted yet!